Map: Galactic Process LE

Players

Gracz

  • Race: Terran Terran
  • League: Bronze

SHOWMAN - Winner!

  • Race: Terran Terran
  • League: Silver

VOD

Have the link to the VOD?

Description

Time

  • Played on: Aug. 28, 2016, 1:39 p.m.
  • Length: 62:32
Show
View Real Time Build Order
Export as new Build Order

Gracz Terran 

Build Orders: Reaper Expand 

Get SALT Encoding   

  12  0:08  SCV  
  13  0:20  Supply Depot, SCV  
  14  0:34  SCV  
  15  0:38  Refinery  
  15  0:45  Barracks  
  15  0:48  SCV  
  16  1:16  SCV  
  17  1:28  SCV  
  17  1:32  Reaper  
  19  1:50  Command Center  
  19  1:53  Orbital Command  
  19  2:04  Reaper  
  20  2:09  Barracks  
  20  3:05  Barracks Reactor x2  
  20  3:09  Barracks  
  20  3:11  Orbital Command  
  20  3:13  SCV  
  20  3:18  Refinery  
  21  3:25  SCV  
  21  3:26  Bunker  
  22  3:37  SCV  
  23  3:54  SCV  
  23  3:57  Barracks Reactor  
  23  4:05  SCV  
  23  4:06  SCV  
  25  4:10  Marine  
  25  4:11  Marine x3  
  30  4:17  SCV  
  30  4:19  SCV  
  31  4:25  Factory  
  31  4:28  Marine x4  
  31  4:29  SCV  
  31  4:31  SCV  
  37  4:38  Engineering Bay  
  37  4:43  SCV  
  38  4:50  Supply Depot  
  38  5:00  Marine x6, SCV  
  38  5:06  Supply Depot  
  45  5:12  SCV  
  45  5:13  Bunker  
  46  5:27  Bunker  
  46  5:33  Missile Turret  
  46  5:42  Factory Tech Lab  
  46  5:43  Missile Turret, Marine, Starport  
  46  5:44  Marine x4  
  51  5:53  Barracks  
  51  6:03  Supply Depot  
  51  6:09  Refinery  
  51  6:15  Terran Infantry Weapons Level 1  
  51  6:18  Engineering Bay  
  51  6:23  Starport Tech Lab  
  51  6:25  Armory  
  51  6:30  Starport  
  51  6:36  Marine x4  
  55  6:44  SCV  
  55  6:46  Refinery  
  56  6:57  SCV  
  56  6:58  Terran Infantry Armor Level 1  
  57  7:06  Armory, Siege Tank  
  60  7:10  Starport Reactor  
  60  7:13  High Capacity Fuel Tanks  
  60  7:19  Barracks Tech Lab, Marine  
  60  7:20  Marine  
  62  7:48  Terran Vehicle And Ship Armor Level 1  
  62  8:05  Medivac x3  
  68  8:14  SCV  
  69  8:26  SCV  
  70  8:27  Command Center  
  70  8:35  Combat Shields  
  70  8:42  Marine x2, Medivac, Banshee  
  70  8:43  SCV  
  78  8:52  Supply Depot  
  78  8:58  Medivac  
  80  9:05  Marine  
  80  9:06  Marine x3  
  80  9:09  Marine  
  85  9:12  Medivac  
  85  9:13  SCV  
  88  9:21  Terran Ship Weapons Level 1  
  88  9:25  SCV, Banshee  
  92  9:33  Marine x2  
  92  9:34  Marine x2  
  96  9:38  Orbital Command  
  96  9:41  SCV  
  97  9:53  SCV  
  98  10:06  SCV  
  99  10:08  Banshee  
  102  10:18  Medivac x2  
  106  10:22  Cyclone  
  106  10:24  Marine x3  
  106  10:25  Marine  
  106  10:26  Marine x2  
  116  10:35  Supply Depot, Marauder  
  118  10:43  Terran Vehicle Weapons Level 1  
  118  10:48  Building Armor, Medivac  
  120  10:50  Terran Infantry Weapons Level 2  
  120  10:55  Cyclone  
  124  10:57  Marauder  
  124  11:00  Sensor Tower  
  124  11:02  Supply Depot  
  126  11:13  Marine x3  
  126  11:16  Refinery, SCV  
  130  11:28  SCV  
  130  11:30  Marine  
  130  11:31  Marine x4  
  130  11:32  Marine x2  
  138  11:34  Stimpack  
  138  11:40  SCV  
  138  11:44  Thor  
  145  11:48  Marine  
  145  11:49  Marine x3  
  149  12:03  SCV  
  149  12:05  Supply Depot  
  150  12:15  SCV  
  151  12:17  Marine  
  151  12:18  Marine x5  
  157  12:26  Marine  
  157  12:27  Thor  
  164  12:36  Supply Depot  
  164  13:02  Marine x7  
  171  13:12  Missile Turret  
  171  13:18  Sensor Tower  
  171  13:19  Marine  
  171  13:20  Marine x6  
  171  13:24  Supply Depot  
  178  13:45  Refinery  
  178  14:23  Supply Depot  
  172  15:34  Marine  
  172  15:35  Marine x6  
  179  15:37  Medivac x3  
  179  15:40  Terran Vehicle And Ship Armor Level 2  
  179  15:41  Terran Ship Weapons Level 2  
  185  15:45  Terran Infantry Armor Level 2, Terran Infantry Weapons Level 3  
  185  15:51  Engineering Bay  
  185  15:52  Marine  
  186  16:07  Medivac, Command Center  
  188  16:12  Command Center  
  188  16:40  Raven  
  188  16:45  Medivac  
  192  17:20  Orbital Command  
  192  17:23  Raven  
  192  17:25  Orbital Command  
  110  20:25  Marine  
  110  20:26  Marine x5  
  114  20:43  Marine  
  114  20:44  Marine x5  
  87  21:01  Marine  
  87  21:02  Marine x5  
  87  21:19  Marine x6  
  93  21:26  Marine  
  93  21:29  Medivac x3  
  100  21:33  Terran Ship Weapons Level 3, Terran Vehicle And Ship Armor Level 3  
  100  21:34  Terran Infantry Armor Level 3  
  100  21:35  Neosteel Frame  
  100  21:37  Marine x6, Hi-Sec Auto Tracking  
  106  21:44  Marine  
  107  21:54  Marine  
  107  21:55  Marine x5  
  107  21:59  Medivac x3  
  119  22:02  Marine  
  120  22:12  Marine  
  120  22:13  Marine x5  
  126  22:20  Marine  
  127  22:29  Medivac x3  
  133  22:30  Marine  
  133  22:31  Marine x5  
  139  22:38  Marine  
  140  22:48  Marine x4  
  140  22:49  Marine x2  
  146  22:55  Marine  
  147  22:59  Medivac x3  
  153  23:06  Marine x6  
  144  23:13  Marine  
  135  23:24  Marine x6  
  132  23:29  Medivac  
  97  23:56  Marine  
  97  23:57  Marine x6  
  97  23:59  Thor  
  104  24:14  Marine  
  104  24:15  Marine x6  
  110  24:32  Marine  
  110  24:33  Marine x6  
  110  24:38  Barracks  
  117  24:41  Barracks  
  117  24:42  Terran Vehicle Weapons Level 2, Thor  
  117  24:45  Cloaking Field  
  123  24:50  Marine x4  
  123  24:51  Marine x3  
  130  25:08  Marine x7  
  137  25:20  Barracks  
  137  25:23  Barracks  
  137  25:25  Thor  
  137  25:26  Marine  
  144  25:35  Marine  
  144  25:36  Marine x7  
  152  25:44  Marine  
  153  25:53  Marine  
  153  25:54  Marine x7  
  161  26:02  Marine  
  162  26:08  Thor  
  162  26:11  Marine x4  
  168  26:12  Marine x6  
  178  26:20  Marine  
  179  26:29  Marine x9  
  179  26:30  Marine  
  174  26:37  Marine  
  151  26:47  Marine x10  
  128  26:51  Thor  
  105  27:05  Marine x3  
  105  27:08  Marine  
  98  27:09  Marine x6  
  92  27:22  Marine  
  92  27:23  Marine  
  92  27:26  Marine x4  
  92  27:27  Marine x3  
  91  27:40  Marine  
  91  27:41  Marine  
  91  27:44  Marine x7  
  96  27:58  Marine  
  96  27:59  Marine  
  96  28:01  Marine  
  96  28:02  Marine x6  
  105  28:08  Marine  
  105  28:09  Marine  
  105  28:11  Orbital Command  
  107  28:16  Marine x2  
  107  28:19  Marine  
  110  28:20  Marine x6  
  110  28:26  Marine  
  110  28:27  Marine  
  117  28:34  Marine x2  
  118  28:37  Marine  
  121  28:45  Marine  
  121  28:46  Marine x5  
  127  28:52  Marine x2  
  129  29:00  Medivac x2  
  133  29:09  Marine  
  133  29:10  Marine  
  135  29:22  Medivac  
  137  29:25  Marauder  
  137  29:26  Marine  
  137  29:27  Marine x7  
  137  29:28  Marine  
  137  29:30  Medivac x2  
  152  29:45  Marine x2  
  153  29:52  Medivac  
  156  30:03  Marine x3  
  156  30:04  Marine x8  
  167  30:21  Marine x3  
  168  30:22  Marine x8  
  178  30:38  Marine  
  178  30:39  Marine x2  
  144  30:56  Marine  
  110  32:10  Marine  
  110  32:11  Marine x6  
  116  32:28  Marine  
  116  32:29  Marine x6  
  75  32:46  Marine x3  
  75  32:47  Marine x4  
  75  32:49  Marine  
  75  32:50  Marine x3  
  86  33:04  Marine x7  
  93  33:07  Marine x4  
  93  33:10  Ghost Academy  
  97  33:16  Ghost Academy  
  97  33:22  Marine x7  
  97  33:25  Marine x3  
  107  33:39  Marine  
  107  33:40  Marine  
  84  33:57  Marine  
  79  34:16  Medivac x2  
  79  34:17  Medivac  
  85  34:19  Marine x2  
  85  34:20  Marine x7  
  94  34:36  Marine  
  94  34:37  Marine x9  
  94  34:38  Marine  
  105  34:46  Medivac x2  
  105  34:51  Personal Cloaking  
  109  34:54  Nuke, Marine x2  
  109  34:55  Marine x9  
  120  35:00  Ghost Academy  
  120  35:10  Barracks  
  120  35:12  Marine x3  
  120  35:13  Marine x8  
  131  35:29  Marine  
  131  35:30  Marine  
  131  35:31  Marine x3  
  131  35:32  Nuke  
  136  35:47  Marine  
  136  35:48  Marine  
  136  35:49  Ghost  
  140  35:57  Barracks Tech Lab  
  140  36:02  Barracks  
  140  36:17  Nuke  
  78  36:55  Marine  
  78  36:56  Marine x8  
  87  37:13  Marine x5  
  87  37:14  Marine x4  
  94  37:31  Marine x7  
  94  37:34  Marine  
  94  37:35  Marine  
  103  37:42  Orbital Command  
  103  37:48  Marine  
  103  37:49  Marine x5  
  65  38:29  Marine  
  65  38:30  Marine  
  41  39:08  Marine  
  32  39:36  Marine  
  32  39:37  Marine x8  
  40  39:39  Marine x2  
  42  39:54  Marine  
  42  39:55  Marine x8  
  42  39:56  Marine  
  42  39:59  Medivac  
  54  40:00  Medivac  
  56  40:12  Marine x3  
  56  40:13  Marine x4  
  40  40:46  Marine x2  
  40  40:47  Marine  
  40  40:48  Marine  
  40  40:49  Marine x7  
  51  41:05  Marine  
  51  41:06  Marine, Medivac x2  
  51  41:07  Medivac, Marine x7  
  66  41:22  Marine  
  66  41:24  Marine x3  
  70  41:32  Marine x5  
  75  41:44  Marine x3  
  75  41:46  Marine  
  79  41:50  Marine x2  
  22  42:20  Marine  
  22  42:21  Marine x7  
  27  42:32  SCV  
  28  42:38  Marine  
  28  42:39  Marine x3  
  32  42:44  SCV  
  32  42:53  Marine x5  
  32  42:56  Marine x4  
  41  43:11  Marine  
  16  44:17  Barracks  
  15  44:46  Marauder  
  15  44:50  Marine  
  14  45:26  Factory  
  14  45:40  Marine  
  14  45:58  Marine  
  3  46:21  Command Center  
  3  47:32  Marine  
  4  47:46  Supply Depot  
  4  47:50  Marine  
  5  48:06  Hellion  
  5  48:08  Marine  
Show
View Real Time Build Order
Export as new Build Order

SHOWMAN Terran - Winner!

Build Orders:  

Get SALT Encoding   

  12  0:02  SCV  
  14  0:14  SCV  
  14  0:21  Supply Depot  
  14  0:26  SCV  
  15  0:35  Supply Depot  
  15  0:44  Supply Depot, SCV  
  16  0:56  SCV  
  17  0:59  Refinery  
  17  1:08  SCV  
  18  1:12  Barracks  
  18  1:20  SCV  
  19  1:28  Engineering Bay  
  19  1:32  SCV  
  20  1:44  SCV  
  21  1:56  SCV  
  22  2:02  Bunker, Marine  
  23  2:08  Refinery  
  23  2:09  Orbital Command  
  23  2:11  Terran Infantry Weapons Level 1  
  23  2:19  Marine  
  24  2:35  SCV  
  25  2:37  Marine  
  25  2:42  Missile Turret  
  26  2:47  SCV  
  27  2:55  Marine  
  28  2:59  SCV  
  28  3:05  Factory  
  29  3:11  SCV  
  29  3:12  Missile Turret  
  30  3:13  Marine  
  31  3:23  SCV  
  31  3:24  Supply Depot  
  32  3:31  Marine  
  33  3:35  SCV  
  34  3:47  SCV  
  35  3:53  Missile Turret  
  35  3:57  Barracks Tech Lab  
  35  4:00  SCV  
  35  4:02  Factory Reactor  
  36  4:05  Starport, Terran Infantry Armor Level 1  
  36  4:12  Armory, SCV  
  36  4:16  Supply Depot  
  37  4:24  SCV  
  38  4:30  Missile Turret  
  38  4:36  Missile Turret, SCV  
  39  4:40  Factory  
  39  4:42  Hellion  
  39  4:44  Hellion  
  43  4:48  SCV  
  43  4:51  Starport Tech Lab  
  44  5:00  SCV  
  44  5:01  Terran Ship Weapons Level 1  
  45  5:12  SCV  
  46  5:14  Cloaking Field  
  46  5:24  SCV  
  46  5:26  Factory Reactor, Command Center  
  47  5:38  Missile Turret  
  47  5:43  SCV  
  47  5:48  Factory Tech Lab  
  47  5:49  Combat Shields  
  48  5:55  SCV  
  49  5:59  Missile Turret, Hi-Sec Auto Tracking  
  49  6:02  Banshee  
  52  6:07  Barracks, SCV  
  53  6:19  Supply Depot, SCV  
  54  6:32  Supply Depot  
  54  6:37  Widow Mine  
  56  6:40  Missile Turret  
  56  6:50  Factory Tech Lab  
  56  6:51  Barracks  
  56  6:52  SCV  
  57  7:04  SCV  
  57  7:05  Refinery  
  57  7:06  Refinery  
  58  7:10  Missile Turret  
  58  7:14  Terran Vehicle And Ship Armor Level 1  
  58  7:16  SCV  
  58  7:21  Building Armor  
  59  7:26  Planetary Fortress  
  59  7:28  SCV  
  60  7:36  Missile Turret  
  60  7:40  SCV  
  61  7:45  Banshee  
  61  7:46  Supply Depot  
  64  8:02  Missile Turret  
  64  8:03  Siege Tank  
  67  8:10  Siege Tank  
  70  8:22  SCV  
  71  8:28  Medivac  
  71  8:30  Starport  
  73  8:34  SCV  
  73  8:38  Supply Depot  
  74  8:46  SCV  
  75  8:58  SCV  
  75  9:00  Missile Turret, Terran Infantry Weapons Level 2  
  76  9:07  Missile Turret  
  76  9:08  Terran Ship Weapons Level 2  
  76  9:11  SCV  
  77  9:19  Medivac, Command Center  
  77  9:22  Missile Turret  
  77  9:23  SCV  
  80  9:26  Missile Turret  
  80  9:33  Starport Tech Lab  
  80  9:35  SCV  
  81  9:41  Supply Depot  
  81  9:43  Armory  
  81  9:45  Supply Depot  
  81  9:49  Viking  
  83  9:59  Hellion x2  
  87  10:02  Refinery  
  87  10:10  Missile Turret  
  87  10:16  SCV  
  87  10:18  Refinery  
  87  10:20  Hellion  
  87  10:21  SCV  
  91  10:30  Hellion, Starport  
  91  10:33  Missile Turret, SCV  
  94  10:42  Planetary Fortress  
  94  10:53  Missile Turret  
  94  10:57  Missile Turret  
  94  11:08  Missile Turret  
  94  11:09  Missile Turret  
  94  11:11  SCV  
  95  11:16  Terran Infantry Armor Level 2  
  95  11:23  Starport Tech Lab, SCV  
  95  11:24  Terran Vehicle And Ship Armor Level 2, Terran Vehicle Weapons Level 1  
  96  11:28  Supply Depot  
  96  11:30  Hellion  
  96  11:32  Infernal Pre-Igniter  
  98  11:33  Drilling Claws  
  98  11:38  Banshee  
  101  11:44  Banshee  
  101  11:45  Banshee  
  107  11:49  SCV  
  107  11:51  Hellion  
  110  11:55  Supply Depot  
  110  12:01  SCV  
  110  12:02  SCV  
  110  12:06  Fusion Core  
  112  12:11  Supply Depot  
  112  12:13  Hellion, SCV  
  112  12:14  SCV  
  116  12:17  Marine x4  
  116  12:18  Marine  
  116  12:19  Starport  
  116  12:21  Banshee  
  124  12:25  SCV  
  124  12:26  SCV  
  126  12:35  Marine x5  
  131  12:37  SCV, Stimpack  
  131  12:38  SCV  
  131  12:40  Medivac x2  
  137  12:50  SCV  
  138  12:52  Mag-Field Accelerator  
  138  12:53  Marine  
  139  13:02  SCV  
  140  13:07  Missile Turret  
  140  13:18  Terran Ship Weapons Level 3  
  140  13:19  Missile Turret  
  140  13:27  Missile Turret, SCV  
  140  13:32  Terran Infantry Weapons Level 3  
  141  13:39  Terran Vehicle Weapons Level 2, SCV  
  142  13:51  Supply Depot  
  141  14:15  Marine x4  
  141  14:16  Marine  
  146  14:20  Medivac x2  
  146  14:21  Viking x2  
  146  14:22  Supply Depot  
  154  14:33  Marine x5  
  156  14:50  Viking x2  
  156  14:51  Marine x5, Viking x2  
  160  15:09  Marine x5  
  162  15:20  Viking x2  
  166  15:27  Marine  
  166  15:28  Supply Depot  
  167  15:29  Weapon Refit  
  167  15:35  Hyperflight Rotors  
  167  15:37  Missile Turret x2  
  167  15:41  Command Center, Banshee x2  
  173  15:55  Terran Vehicle And Ship Armor Level 3  
  173  15:57  Refinery  
  173  15:59  Refinery  
  173  16:00  Supply Depot, Terran Vehicle Weapons Level 3  
  173  16:04  High Capacity Fuel Tanks  
  173  16:08  Starport Tech Lab  
  173  16:09  Terran Infantry Armor Level 3  
  173  16:12  Behemoth Reactor  
  173  16:20  Viking  
  173  16:24  Banshee x2  
  181  16:32  Supply Depot  
  181  16:39  Banshee  
  184  16:44  Hellion  
  186  16:50  Viking  
  186  16:53  Missile Turret  
  188  16:57  Supply Depot  
  188  16:58  Marine x2  
  188  16:59  Marine x3  
  193  17:03  Planetary Fortress  
  193  17:06  Hellion  
  193  17:07  Banshee  
  198  17:14  Missile Turret  
  198  17:16  Marine x2  
  200  17:29  Supply Depot  
  200  17:57  Supply Depot  
  200  18:05  Concussive Shells  
  200  18:08  Explosive Shrapnel Shells  
  200  18:10  Corvid Reactor  
  200  18:11  Advanced Ballistics  
  200  18:18  Command Center  
  200  18:25  Supply Depot  
  200  18:46  Neosteel Frame  
  138  19:22  Refinery  
  138  19:23  Missile Turret x2  
  135  19:27  Refinery  
  135  19:30  Missile Turret  
  70  19:52  Siege Tank x2  
  69  20:16  Battlecruiser x2  
  69  20:17  Battlecruiser x2  
  69  20:20  Marine x5  
  97  20:24  Siege Tank  
  98  20:37  Marine x2  
  98  20:38  Marine x3  
  98  20:39  Command Center  
  96  20:55  Marine x3, SCV  
  96  20:56  Marine x2  
  102  21:07  SCV  
  102  21:10  Missile Turret  
  101  21:13  Marine x5  
  99  21:19  SCV  
  99  21:21  Battlecruiser  
  102  21:31  Missile Turret, Marine x5, SCV  
  103  21:40  Medivac x2  
  107  21:49  Marine x5  
  107  21:52  Planetary Fortress  
  112  21:57  Refinery  
  112  22:00  Refinery  
  112  22:06  Marine  
  112  22:07  Marine x4  
  112  22:08  SCV  
  118  22:17  Missile Turret  
  118  22:20  SCV  
  118  22:21  Missile Turret  
  119  22:23  Missile Turret  
  119  22:25  Marine  
  120  22:32  SCV x2  
  122  22:42  Siege Tank  
  126  22:44  SCV x2  
  126  22:45  Hellion  
  129  22:56  SCV x2  
  131  22:59  Missile Turret  
  131  23:06  Hellion  
  131  23:08  SCV x2  
  132  23:14  Siege Tank  
  133  23:20  SCV  
  125  23:28  Hellion  
  121  23:35  Marine x5  
  121  23:40  Medivac x3  
  126  23:46  Siege Tank  
  129  23:53  Marine x5  
  132  24:07  Command Center  
  126  24:10  Battlecruiser, Marine  
  126  24:12  Viking  
  134  24:26  Refinery  
  134  24:30  Refinery  
  134  24:47  Marine  
  134  24:48  Marine x4  
  139  24:55  SCV  
  140  25:05  Marine x2  
  140  25:06  Marine x3  
  145  25:07  SCV  
  146  25:18  Battlecruiser  
  146  25:19  Missile Turret, SCV  
  153  25:23  Marine x2  
  153  25:25  Planetary Fortress  
  155  25:31  SCV  
  156  25:39  Missile Turret  
  156  26:01  Missile Turret  
  156  26:03  SCV  
  157  26:13  Marine x5  
  157  26:16  SCV  
  163  26:23  Missile Turret  
  163  26:25  Battlecruiser  
  169  26:28  SCV  
  169  26:31  Marine x5  
  151  26:40  SCV  
  152  26:49  Marine x5  
  152  26:52  SCV  
  145  27:06  Marine x2  
  145  27:07  Marine x3  
  147  27:24  Marine x4  
  147  27:25  Marine  
  151  27:35  Missile Turret  
  147  27:42  Marine x5  
  146  27:51  Missile Turret, Command Center  
  145  27:54  Missile Turret  
  145  27:58  Missile Turret  
  145  28:00  Marine x5  
  145  28:01  Refinery  
  145  28:04  Viking x2  
  145  28:05  Viking x2  
  158  28:17  Refinery  
  158  28:18  Marine x5  
  163  28:35  Marine  
  163  28:36  Marine x4  
  168  28:48  Hellion x2  
  172  28:53  Marine x3  
  172  28:54  Marine x2  
  177  29:04  Planetary Fortress  
  177  29:09  Hellion x2  
  181  29:11  Marine, SCV  
  183  29:30  Hellion  
  183  29:31  Hellion  
  187  29:52  Hellion x2  
  191  30:04  Command Center  
  191  30:13  Hellion x2  
  195  30:14  Banshee, Raven  
  135  30:56  Battlecruiser x2  
  123  30:58  Battlecruiser, Marine x5  
  128  31:16  Marine x5  
  132  31:21  Hellbat x2  
  132  31:25  Battlecruiser  
  117  31:33  Marine  
  117  31:34  Marine x4  
  116  31:42  Hellbat x2  
  118  31:51  Marine x3  
  118  31:52  Marine x2  
  113  32:00  Battlecruiser  
  113  32:01  Battlecruiser  
  119  32:04  Hellbat x2  
  122  32:09  Marine x4  
  122  32:10  Marine, Medivac  
  129  32:19  SCV  
  129  32:25  Hellbat x2  
  129  32:27  Marine x5  
  132  32:40  Medivac  
  131  32:45  Marine x5  
  131  32:46  Hellbat, Widow Mine  
  131  32:51  Refinery  
  140  33:04  Marine x5, Medivac x2  
  149  33:07  Widow Mine  
  151  33:14  Widow Mine  
  153  33:22  Marine x5  
  153  33:24  Command Center  
  158  33:39  Marine x2  
  158  33:40  Marine x3  
  143  33:56  Missile Turret  
  143  33:57  Marine x3  
  132  34:14  Medivac x4  
  140  34:18  Marine x5  
  145  34:25  Refinery  
  145  34:29  SCV  
  146  34:36  Marine x5  
  151  34:42  Planetary Fortress  
  151  34:44  Medivac  
  153  34:53  Marine  
  153  34:56  Missile Turret  
  154  35:17  Missile Turret  
  154  35:38  Missile Turret  
  154  35:54  Marine x5  
  159  36:00  Banshee x3  
  159  36:01  Banshee  
  171  36:09  SCV  
  172  36:12  Marine x5  
  172  36:13  SCV  
  178  36:21  SCV  
  178  36:22  SCV  
  178  36:25  SCV  
  166  36:29  Marine  
  166  36:30  Marine x4  
  144  36:33  SCV  
  144  36:36  SCV  
  134  36:45  SCV  
  128  36:47  Marine x2  
  128  36:48  Marine x3, SCV  
  133  36:57  SCV  
  133  37:00  SCV  
  135  37:04  Missile Turret  
  135  37:06  Marine  
  136  37:12  SCV  
  137  37:41  Missile Turret  
  137  37:42  Raven  
  137  37:44  Viking x2  
  143  38:14  Viking x2  
  144  38:25  Viking  
  137  38:28  Marine x3  
  137  38:29  Marine x2  
  142  38:44  Viking x2  
  142  38:46  Marine x5  
  151  38:55  Viking  
  151  39:04  Marine x5  
  150  39:14  Viking  
  152  39:22  Marine x5  
  157  39:53  Command Center  
  157  40:05  Siege Tank x2  
  163  40:19  Missile Turret  
  163  40:21  Refinery  
  163  40:24  Refinery  
  149  40:37  Siege Tank x2  
  155  40:44  Missile Turret  
  155  41:03  Medivac x2  
  155  41:04  Medivac x2  
  163  41:07  Missile Turret  
  163  41:09  Planetary Fortress, Siege Tank x2  
  163  41:11  Missile Turret  
  169  41:33  Medivac x2  
  169  41:34  Medivac  
  175  41:41  Siege Tank x2  
  151  42:24  Marine  
  151  42:25  Marine x4  
  156  42:42  Marine x3  
  156  42:43  Marine x2  
  161  42:46  Banshee x3  
  161  42:47  Banshee  
  173  43:00  Marine x5  
  178  43:18  Marine x5  
  182  43:29  Banshee x4  
  194  43:36  Marine  
  190  44:12  Banshee x3  
  199  47:01  Command Center  
  199  48:32  Command Center  
  199  49:10  Refinery  
  199  49:13  Planetary Fortress, Refinery  
  199  49:17  Missile Turret  
  199  49:46  Refinery  
  199  49:47  Refinery  
  199  49:49  Missile Turret  
  199  52:37  Planetary Fortress  
  199  52:44  Missile Turret  
  199  53:05  Missile Turret  
  199  53:11  SCV  
  200  53:27  Sensor Tower  
  200  53:31  Missile Turret  
  200  54:02  Sensor Tower  
  200  54:13  Missile Turret x2, Command Center  
  200  54:19  Missile Turret  
  200  54:24  Missile Turret, Sensor Tower  
  200  54:35  Refinery  
  200  54:37  Refinery  
  200  54:57  Sensor Tower  
  200  55:01  Sensor Tower  
  200  55:21  Command Center  
  200  55:36  Command Center  
  200  55:37  Sensor Tower  
  200  55:46  Refinery  
  200  55:49  Planetary Fortress  
  200  55:51  Missile Turret  
  200  56:00  Sensor Tower  
  200  56:13  Refinery  
  200  56:16  Refinery  
  200  56:23  Sensor Tower  
  200  56:36  Missile Turret  
  200  56:45  Sensor Tower  
  200  56:49  Sensor Tower  
  200  56:58  Ghost Academy  
  200  57:01  Planetary Fortress  
  200  57:02  Missile Turret  
  200  57:27  Sensor Tower  
  200  57:37  Sensor Tower  
  200  57:42  Personal Cloaking  
  200  57:51  Sensor Tower  
  200  57:53  Refinery  
  200  58:02  Missile Turret  
  200  58:21  Command Center  
  200  58:25  Sensor Tower  
  200  59:00  Sensor Tower  
  200  59:08  Nuke  
  200  59:18  Command Center  
  200  59:21  Ghost Academy  
  200  59:42  Missile Turret  
  200  59:44  Planetary Fortress  
  200  59:51  Nuke  
  200  59:58  Missile Turret  
  200  60:33  Sensor Tower  
  200  60:35  Planetary Fortress, Missile Turret  
  200  60:55  Refinery  
  200  61:07  Sensor Tower  
  200  61:08  Sensor Tower  
  200  61:11  Sensor Tower  
  200  61:15  Supply Depot, Sensor Tower  
  200  61:24  Missile Turret  
  200  61:28  Ghost Academy  
  200  61:29  Sensor Tower  
  200  61:31  Ghost Academy  
  200  61:35  Sensor Tower  
  200  61:38  Ghost Academy  
  200  61:42  Sensor Tower  
  200  61:43  Sensor Tower  
  200  61:50  Missile Turret  
  200  61:53  Sensor Tower  
  200  62:01  Missile Turret  
  200  62:09  Sensor Tower  
  200  62:11  Missile Turret x2  
Tags
 
Add a new tag
Caveats
  • Supply blocks, unpowered buildings, or Contaminate may cause inaccurate times.
  • Supply counts are checked every 10 seconds.